AoeStats
← REALMorphzilla

Black Forest

509392996Analyzed
4v4 RM · 5d ago on Sep 26, 2026· 45m 58s· 8 players
Game mode
Random Map
Map size
Large (8 player)
Population
200
Speed
Normal
Resources
Standard
Victory
Conquest
Starting age
Dark Age
Ending age
Imperial Age
RankedLock teamsTeams togetherTeam positionsShared explorationLock speedFull tech treeHidden civsTurbo modeCheats
Victory
Defeat
🇩🇪 Spanish · Germany
988
+13
🇮🇳 Hindustanis · India
944
+15
🇮🇳 Saracens · India
913
+16
🇹🇷 Turks · Türkiye
899
+17
🇩🇪 Bengalis · Germany
980
-18
🇺🇸 Persians · United States
938
-16
🇵🇹 Lithuanians · Portugal
893
-14
🇩🇪 Persians · Germany
853
-13
REALMorphzilla
2:34 Loom
11:56 Feudal Age
13:12 Wheelbarrow
12:26 Town Watch
12:38 Double-Bit Axe
12:34 Horse Collar
18:02 Castle Age
16:14 Stone Mining
17:53 Gold Mining
18:40 Forging
19:41 Bow Saw
22:09 Stone Shaft Mining
27:06 Heavy Plow
31:02 Hand Cart
34:53 Imperial Age
32:34 Scale Barding Armor
33:44 Gold Shaft Mining
33:25 Husbandry
33:36 Bloodlines
34:04 Iron Casting
33:50 Chain Barding Armor
34:32 Fletching
36:16 Blast Furnace
36:30 Two-Man Saw
35:42 Town Patrol
36:30 Plate Barding Armor
35:24 Cavalier
36:26 Elite War Elephant
37:28 Conscription
37:20 Citadels
37:47 Savar
39:45 Chemistry
39:07 Ballistics
Ponyboy
11:06 Feudal Age
14:58 Castle Age
13:16 Double-Bit Axe
14:39 Horse Collar
17:42 Loom
17:43 Town Watch
23:47 Fletching
25:09 Wheelbarrow
24:55 Bow Saw
25:34 Town Patrol
25:40 Padded Archer Armor
26:13 Gold Mining
30:48 Imperial Age
31:20 Gold Shaft Mining
30:37 Pikeman
31:23 Bodkin Arrow
31:44 Leather Archer Armor
31:29 Scale Mail Armor
31:40 Forging
33:15 Bracer
33:52 Siege Elephant
35:21 Ring Archer Armor
35:06 Chain Mail Armor
35:27 Iron Casting
35:06 Halberdier
36:36 Elite Elephant Archer
41:17 Elite Skirmisher
42:55 Ballistics
43:32 Bloodlines
43:22 Husbandry
42:46 Light Cavalry
44:49 Caravan
Exteme77
1:04 Loom
10:02 Feudal Age
16:45 Castle Age
15:06 Double-Bit Axe
18:03 Bow Saw
22:12 Wheelbarrow
22:31 Wheelbarrow
24:53 Gold Mining
30:20 Imperial Age
30:05 Hand Cart
30:16 Hand Cart
29:58 Horse Collar
31:58 Conscription
31:58 Elite Leitis
33:26 Forging
37:18 Fletching
37:24 Stone Mining
37:01 Onager
38:50 Iron Casting
40:57 Elite Skirmisher
42:15 Thumb Ring
43:31 Pikeman
lenno
12:19 Feudal Age
14:07 Double-Bit Axe
16:56 Castle Age
15:55 Horse Collar
18:27 Bow Saw
20:54 Loom
22:47 Scale Mail Armor
23:59 Heavy Plow
23:30 Pikeman
26:23 Squires
26:44 Chain Mail Armor
26:39 Forging
27:34 Gold Mining
28:19 Padded Archer Armor
28:10 Fletching
27:58 Crossbowman
30:31 Wheelbarrow
30:11 Bodkin Arrow
31:14 Gambesons
32:07 Thumb Ring
32:22 Leather Archer Armor
32:43 Iron Casting
32:26 Hand Cart
34:05 Iron Casting
36:38 Elite Skirmisher
41:25 Kamandaran
42:18 Scale Barding Armor
43:47 Husbandry
44:16 Hand Cart
Hoodie Melo
11:20 Feudal Age
15:22 Castle Age
13:34 Double-Bit Axe
13:31 Horse Collar
17:55 Wheelbarrow
18:36 Heavy Plow
19:10 Bow Saw
22:33 Stone Mining
22:36 Gold Mining
22:36 Town Watch
22:36 Loom
23:52 Hand Cart
24:06 Fletching
24:16 Padded Archer Armor
25:20 Bodkin Arrow
25:49 Ballistics
26:23 Stone Shaft Mining
26:27 Masonry
27:52 Leather Archer Armor
29:18 Caravan
32:02 Imperial Age
31:36 Husbandry
31:46 Bloodlines
32:24 Elite Conquistador
33:24 Conscription
34:16 Chemistry
38:27 Light Cavalry
40:52 Hussar
41:35 Bracer
42:06 Ring Archer Armor
41:42 Scale Barding Armor
41:48 Forging
45:17 Chain Barding Armor
XII. Ahmet
0:34 Loom
13:10 Feudal Age
14:31 Wheelbarrow
13:46 Double-Bit Axe
13:45 Horse Collar
14:41 Stone Mining
14:45 Gold Mining
24:36 Castle Age
26:23 Hand Cart
26:24 Bow Saw
32:10 Imperial Age
31:02 Gold Shaft Mining
30:19 Town Watch
35:25 Artillery
37:33 Town Patrol
38:58 Heavy Plow
42:03 Two-Man Saw
JAS
11:32 Feudal Age
15:51 Castle Age
14:34 Double-Bit Axe
14:52 Loom
14:53 Horse Collar
18:15 Wheelbarrow
22:34 Bow Saw
23:11 Gold Mining
24:02 Stone Mining
25:21 Gold Shaft Mining
25:24 Heavy Plow
31:29 Imperial Age
29:22 Forging
30:48 Hand Cart
30:44 Scale Barding Armor
31:17 Iron Casting
31:22 Scale Mail Armor
31:25 Padded Archer Armor
31:48 Chain Barding Armor
33:25 Blast Furnace
32:42 Chain Mail Armor
32:19 Fletching
33:05 Plate Barding Armor
32:49 Squires
34:14 Two-Man Saw
33:13 Bodkin Arrow
33:35 Elite Mameluke
34:29 Counterweights
35:45 Hoardings
35:13 Husbandry
34:36 Heavy Camel Rider
35:29 Bloodlines
36:17 Plate Mail Armor
36:05 Leather Archer Armor
35:52 Bracer
39:12 Ring Archer Armor
38:45 Caravan
39:16 Coinage
39:16 Bimaristan
38:58 Capped Ram
39:24 Pikeman
41:48 Banking
41:09 Siege Ram
iamlegolas312
0:27 Loom
10:54 Feudal Age
11:30 Gold Mining
11:29 Double-Bit Axe
14:52 Horse Collar
21:34 Castle Age
21:36 Stone Mining
23:23 Stone Shaft Mining
23:26 Gold Shaft Mining
23:04 Bow Saw
24:04 Wheelbarrow
24:30 Heavy Plow
24:56 Town Watch
26:52 Caravan
27:24 Hand Cart
27:24 Grand Trunk Road
29:32 Forging
29:23 Scale Mail Armor
29:47 Fletching
33:35 Imperial Age
31:42 Pikeman
33:43 Iron Casting
33:10 Scale Mail Armor
33:08 Crossbowman
33:45 Bodkin Arrow
33:50 Padded Archer Armor
34:48 Conscription
35:41 Conscription
36:14 Bracer
37:14 Blast Furnace
36:22 Scale Barding Armor
37:01 Leather Archer Armor
37:12 Elite Ghulam
38:59 Thumb Ring
40:11 Chemistry
39:07 Murder Holes
39:26 Masonry
39:48 Ring Archer Armor
41:11 Elite Skirmisher
43:22 Two-Man Saw
44:19 Blast Furnace
43:34 Chain Mail Armor
44:25 Squires
44:10 Arson
Connection lost

Rejoining the realm…

Still unreachable

The connection could not be restored.

Session expired

The server has moved on; the page needs a fresh start.